 Dungeon Crawl Stone Soup version 0.26.1-11-gd32895ea62 (webtiles) character file.

Game seed: 486077857096713728

11727 DildoBatman the Geomancer (level 12, -3/86 HPs)
             Began as a Formicid Conjurer on July 17, 2021.
             Was a High Priest of Kikubaaqudgha.
             Slain by an orc warrior
             ... wielding a +0 glaive
              (19 damage)
             ... on level 2 of the Orcish Mines.
             The game lasted 00:43:00 (10409 turns).

DildoBatman the Geomancer (Formicid Conjurer)      Turns: 10409, Time: 00:43:01

Health: -3/86      AC: 11    Str: 12    XL:     12   Next: 11%
Magic:  16/22      EV: 12    Int: 25    God:    Kikubaaqudgha [*****.]
Gold:   2288       SH:  0    Dex: 19    Spells: 8/25 levels left

rFire    . . .     SeeInvis +   a - +4 flail (holy)
rCold    + . .     Faith    .   (no shield)
rNeg     . . .     Spirit   .   w - +3 ring mail {rC+}
rPois    .         Reflect  .   (helmet unavailable)
rElec    .         Harm     .   u - +0 cloak
rCorr    .         Rampage  .   E - +0 pair of gloves
Will     +....                  (no boots)
Stlth    ++........             m - amulet of magic regeneration
HPRegen  0.24/turn              O - +6 ring of dexterity
MPRegen  0.43/turn              t - +6 ring of intelligence

@: no status effects
A: permanent stasis, dig shafts and tunnels, four strong arms, antennae 3
a: Dig, Shaft Self, Renounce Religion, Receive Corpses, Torment


You were on level 2 of the Orcish Mines.
You worshipped Kikubaaqudgha.
Kikubaaqudgha was extremely pleased with you.
You visited 3 branches of the dungeon, and saw 13 of its levels.

You collected 2299 gold pieces.
You spent 11 gold pieces at shops.

Inventory:

Hand Weapons
 a - a +4 flail of holy wrath (weapon)
 c - a +0 hunting sling
Missiles
 e - 272 bolts
 i - 273 arrows
 o - 6 curare-tipped darts
 r - 20 boomerangs
 s - 337 stones
 y - 47 poisoned darts
 L - 5 atropa-tipped darts
 T - 17 sling bullets
 U - 8 silver javelins
 W - 4 boomerangs of dispersal
 X - 8 silver boomerangs
Armour
 u - a +0 cloak (worn)
 w - a +3 ring mail of cold resistance (worn)
 E - a +0 pair of gloves (worn)
 S - a +0 tower shield
Magical Staves
 b - an uncursed staff of conjuration
 H - an uncursed staff of air
Jewellery
 m - an amulet of magic regeneration (around neck)
 p - an uncursed ring of wizardry
 t - a +6 ring of intelligence (right hand)
 G - an uncursed ring of resist corrosion
 O - a +6 ring of dexterity (left hand)
Wands
 n - a wand of flame (1)
 v - a wand of disintegration (10)
 N - a wand of acid (10)
 P - a wand of paralysis (9)
 R - a wand of digging (4)
Scrolls
 d - a scroll of fog
 f - 2 scrolls of immolation
 g - 4 scrolls of enchant weapon
 q - 2 scrolls of amnesia
 x - 5 scrolls of remove curse
 z - 2 scrolls of holy word {unknown}
 A - a scroll of enchant armour
 C - a scroll of magic mapping
 D - a scroll of fear
 I - a scroll of torment {unknown}
 Q - a scroll of random uselessness {unknown}
Potions
 h - 2 potions of invisibility {unknown}
 j - 3 potions of might {unknown}
 k - 3 potions of attraction {unknown}
 l - 3 potions of heal wounds
 B - a potion of haste {unknown}
 F - 2 potions of lignification {unknown}
 J - 2 potions of curing
 K - a potion of cancellation {unknown}
 M - 3 potions of flight {unknown}
 V - a potion of resistance {unknown}


   Skills:
 - Level 5.2 Fighting
 - Level 5.2 Armour
 - Level 3.2 Dodging
 - Level 2.4 Stealth
 - Level 7.1 Spellcasting
 - Level 6.0 Conjurations
 * Level 10.7 Necromancy
 * Level 11.3 Earth Magic


You had 8 spell levels left.
You knew the following spells:

 Your Spells              Type           Power        Failure   Level
a - Searing Ray           Conj           76%          1%          2
b - Borgnjor's Vile Clut  Necr/Erth      29%          4%          5
c - Magic Dart            Conj           100%         1%          1
d - Vampiric Draining     Necr           29%          1%          3
h - Dispel Undead         Necr           58%          1%          4
z - Sublimation of Blood  Necr           29%          1%          2

Your spell library contained the following spells:

 Spells                   Type           Power        Failure   Level
 Animate Skeleton         Necr           100%         1%          1
 Pain                     Necr           100%         1%          1
 Animate Dead             Necr           29%          1%          4
 Corpse Rot               Necr/Air       N/A          2%          2
 Excruciating Wounds      Necr           29%          4%          5
 Dazzling Flash           Conj/Hex       46%          12%         3
 Apportation              Tloc           16%          14%         1
 Corona                   Hex            8%           14%         1
 Summon Small Mammal      Summ           32%          14%         1
 Ensorcelled Hibernation  Hex/Ice        16%          21%         2
 Death Channel            Necr           29%          26%         6
 Fulminant Prism          Conj/Hex       11%          36%         4
 Iskenderun's Mystic Bla  Conj/Tloc      23%          36%         4
 Simulacrum               Ice/Necr       17%          92%         6
 Silence                  Hex/Air        4%           98%         5
 Summon Demon             Summ           4%           98%         5
 Summon Forest            Summ/Tloc      4%           98%         5
 Summon Mana Viper        Hex/Summ       8%           98%         5
 Shadow Creatures         Summ           N/A          100%        6
 Summon Hydra             Summ           4%           100%        7


Dungeon Overview and Level Annotations

Branches:
Dungeon (10/15)            Temple (1/1) D:5             Orc (2/2) D:9
    Elf (0/3) Orc:2
   Lair: D:8-11

Altars:
Ashenzari
Cheibriados
Dithmenos
Elyvilon
Fedhas
Gozag
Hepliaklqana
Kikubaaqudgha
Makhleb
Nemelex Xobeh
Okawaru
Qazlal
Ru
Sif Muna
Trog
Uskayaw
Vehumet
Wu Jian
Xom
Yredelemnul
Zin
The Shining One

Shops:
D:4 !(((   D:5 :   D:8 [

Annotations:
D:2 Jessica
D:3 2 transporters, ymhsbmbesitwf's ghost, amateur BaBe
Orc:1 1 runed translucent door, Pukhipec's ghost, journeyman GrFi


Innate Abilities, Weirdness & Mutations

You cannot be hasted, slowed, berserked, paralysed or teleported.
You can dig through walls and to a lower floor.
Your four strong arms can wield two-handed weapons with a shield.
You have a pair of large antennae on your head. (SInv)


Message History

Casting: Vampiric Draining (safe; 1% risk of failure)
Confirm with . or Enter, or press ? or * to list all spells.
Aiming: Vampiric Draining (safe; 1% risk of failure)
Press: ? - help, Shift-Dir - straight line, f - orc warrior
Aim: an orc warrior, wielding a +0 arbalest and quivering 7 bolts The orc warrior is heavily wounded.
You feel life coursing into your body.
The orc warrior unwields a +0 arbalest.
The orc warrior wields a +0 glaive.
The orc warrior hits you with a +0 glaive!
Casting: Vampiric Draining (safe; 1% risk of failure)
Confirm with . or Enter, or press ? or * to list all spells.
Aiming: Vampiric Draining (safe; 1% risk of failure)
Press: ? - help, Shift-Dir - straight line, f/p - orc warrior
Aim: an orc warrior, wielding a +0 glaive and quivering 7 bolts (heavily wounded)
The orc warrior is almost dead.
You feel life coursing into your body.
The orc warrior hits you with a +0 glaive!!
You die...
Kikubaaqudgha rasps: "You have failed me!
Welcome... death!"

### ##.## ####...# #.
##@###.## .... #o###...#####
....##### ##{#.....##.##
...#.#..######......#...#
.........#.##........#.####
.............#.##...#...#)## #
......#.......##.....#...#.###
..........#.{####...>...#####.
........###(.{#........## #.#


You could see an orc warrior.

Vanquished Creatures
  2 cyclopes (Orc:1)
  2 centaur zombies (D:9)
  A gargoyle (D:7)
  5 trolls
  2 slime creatures (D:7)
  A wyvern (D:9)
  5 yaks (D:10)
  A steam dragon (D:6)
  A warg (Orc:2)
  Edmund (D:6)
  25 orc warriors
  5 sky beasts
  2 phantoms
  2 black bears
  11 ogres
  2 ice beasts
  6 centaurs
  2 big kobolds
  5 bullfrogs
  A water moccasin zombie (D:10)
  A wyvern skeleton (D:10)
  4 scorpions
  A water moccasin skeleton (D:7)
  9 killer bees (D:10)
  A wight (D:6)
  3 howler monkeys
  5 hounds
  2 jellies
  A bullfrog skeleton (D:7)
  7 orc priests
  14 orc wizards
  3 centaur skeletons
  Ijyb (D:5)
  An iguana (D:7)
  7 worker ants
  A hound zombie (D:8)
  A howler monkey zombie (D:6)
  A worker ant zombie (D:9)
  4 gnolls (D:4)
  A howler monkey skeleton (D:6)
  7 adders
  4 shadow imps
  5 ufetubi
  2 oozes
  An adder zombie (D:7)
  2 adder skeletons
  5 worms
  A dart slug (D:4)
  4 leopard geckos
  57 orcs
  6 bats
  4 giant cockroaches
  8 goblins
  4 hobgoblins
  28 jackals
  3 quokkas
  3 ball pythons
  7 frilled lizards
  A jackal zombie (D:7)
  7 kobolds
  A leopard gecko skeleton (D:6)
  A leopard gecko zombie (D:8)
  3 rats
314 creatures vanquished.

Vanquished Creatures (others)
  An orc wizard (Orc:1)
1 creature vanquished.

Grand Total: 315 creatures vanquished

Notes
Turn   | Place    | Note
-------+----------+-------------------------------------------
     0 | D:1      | DildoBatman the Formicid Conjurer began the quest for the
                  | Orb.
     0 | D:1      | Reached XP level 1. HP: 13/13 MP: 3/3
   161 | D:1      | Reached XP level 2. HP: 18/19 MP: 0/5
   164 | D:1      | Learned a level 2 spell: Searing Ray
   750 | D:2      | Reached XP level 3. HP: 24/24 MP: 3/6
   966 | D:2      | Found an iron altar of Okawaru.
  1044 | D:2      | Noticed a scorpion
  1351 | D:2      | Killed a scorpion
  1352 | D:2      | Reached skill level 5 in Conjurations
  1352 | D:2      | Reached XP level 4. HP: 26/30 MP: 0/7
  1359 | D:2      | Found a stormy altar of Qazlal.
  1524 | D:2      | Found a shimmering altar of Xom.
  1622 | D:2      | Noticed Jessica
  1695 | D:3      | Reached XP level 5. HP: 36/36 MP: 4/8
  1798 | D:3      | Found an opulent altar of Gozag.
  1872 | D:3      | Found a white marble altar of Elyvilon.
  1992 | D:3      | Reached skill level 1 in Fighting
  1997 | D:3      | Reached skill level 1 in Armour
  2375 | D:3      | Found a transporter.
  2375 | D:3      | Noticed ymhsbmbesitwf's ghost (amateur BaBe)
  2392 | D:3      | Found a transporter.
  2511 | D:3      | Found an ornate altar of the Wu Jian Council.
  2681 | D:4      | Found Cier's Weapon Boutique.
  2710 | D:4      | Reached XP level 6. HP: 43/43 MP: 5/10
  2789 | D:4      | Found Gieddamumn's Antique Weapon Boutique.
  2804 | D:4      | Found Heb Bin's Weapon Shop.
  2827 | D:4      | Noticed an ogre
  2837 | D:4      | Killed an ogre
  3101 | D:4      | Found Lojotaed's Distillery.
  3104 | D:4      | Bought a potion of degeneration for 11 gold pieces
  3202 | D:4      | Found a shimmering blue altar of Sif Muna.
  3235 | D:5      | Entered Level 5 of the Dungeon
  3312 | D:5      | Reached XP level 7. HP: 48/50 MP: 8/12
  3328 | D:5      | Found a burning altar of Makhleb.
  3398 | D:5      | Noticed Ijyb
  3708 | D:5      | Found Newow's Book Shoppe.
  3762 | D:5      | Found a snail-covered altar of Cheibriados.
  3818 | D:5      | Reached skill level 5 in Spellcasting
  3861 | D:5      | Found a staircase to the Ecumenical Temple.
  3868 | Temple   | Entered the Ecumenical Temple
  4096 | Temple   | Became a worshipper of Kikubaaqudgha
  4200 | D:5      | Found a glowing silver altar of Zin.
  4239 | D:5      | Reached XP level 8. HP: 45/56 MP: 12/17
  4410 | D:5      | Killed Ijyb
  4611 | D:6      | Noticed Edmund
  4619 | D:6      | Killed Edmund
  4848 | D:6      | Reached skill level 1 in Necromancy
  4946 | D:6      | Identified a scroll of acquirement
  4946 | D:6      | Acquired 787 gold pieces
  4956 | D:6      | Found a large runed translucent door.
  4956 | D:6      | Found a large runed translucent door.
  5161 | D:6      | Reached skill level 5 in Necromancy
  5161 | D:6      | Reached XP level 9. HP: 61/61 MP: 15/19
  5401 | D:6      | Found a large runed translucent door.
  5401 | D:6      | Found a large runed translucent door.
  5412 | D:6      | Reached * piety under Kikubaaqudgha
  5412 | D:6      | Identified Kikubaaqudgha's Handbook of Necromancy
                  | (Kikubaaqudgha gifted it to you on level 6 of the Dungeon)
  5412 | D:6      | Received a gift from Kikubaaqudgha
  5509 | D:6      | Learned a level 2 spell: Sublimation of Blood
  5513 | D:6      | Learned a level 3 spell: Vampiric Draining
  5975 | D:7      | Reached ** piety under Kikubaaqudgha
  6105 | D:7      | Noticed a slime creature
  6105 | D:7      | Noticed a slime creature
  6170 | D:7      | Reached XP level 10. HP: 60/68 MP: 10/20
  6427 | D:7      | Found a snail-covered altar of Cheibriados.
  6661 | D:7      | Noticed a gargoyle
  6665 | D:7      | Killed a gargoyle
  6666 | D:7      | Reached skill level 5 in Fighting
  6666 | D:7      | Reached skill level 5 in Armour
  7061 | D:8      | Found Sese's Antique Armour Emporium.
  7252 | D:8      | Reached *** piety under Kikubaaqudgha
  7252 | D:8      | Identified Kikubaaqudgha's Tome of Dark Rituals
                  | (Kikubaaqudgha gifted it to you on level 8 of the Dungeon)
  7252 | D:8      | Received a gift from Kikubaaqudgha
  7263 | D:8      | Learned a level 4 spell: Dispel Undead
  7269 | D:8      | Learned a level 5 spell: Borgnjor's Vile Clutch
  7741 | D:9      | Reached skill level 1 in Earth Magic
  7800 | D:9      | Reached skill level 2 in Earth Magic
  7878 | D:9      | Reached skill level 3 in Earth Magic
  7921 | D:9      | Reached skill level 4 in Earth Magic
  7934 | D:9      | Found a hide-covered altar of Uskayaw.
  7936 | D:9      | Found a staircase to the Orcish Mines.
  8047 | D:9      | Reached skill level 5 in Earth Magic
  8050 | D:9      | Found a basalt altar of Yredelemnul.
  8213 | D:9      | Reached skill level 6 in Earth Magic
  8265 | D:9      | Found a basalt altar of Yredelemnul.
  8379 | D:10     | Entered Level 10 of the Dungeon
  8391 | D:10     | Reached XP level 11. HP: 80/80 MP: 18/21
  8400 | D:10     | Reached skill level 7 in Earth Magic
  8466 | D:10     | Reached skill level 8 in Earth Magic
  8569 | D:10     | Reached **** piety under Kikubaaqudgha
  8736 | D:10     | Reached skill level 9 in Earth Magic
  8909 | Orc:1    | Entered Level 1 of the Orcish Mines
  8914 | Orc:1    | Noticed a cyclops
  8918 | Orc:1    | Killed a cyclops
  9258 | Orc:1    | Found a runed translucent door.
  9258 | Orc:1    | Found a shimmering altar of Xom.
  9258 | Orc:1    | Noticed Pukhipec's ghost (journeyman GrFi)
  9259 | Orc:1    | Noticed a +1 rapier of chaos
  9596 | Orc:1    | Noticed a cyclops
  9605 | Orc:1    | Killed a cyclops
  9606 | Orc:1    | Reached skill level 10 in Earth Magic
  9720 | Orc:2    | Entered Level 2 of the Orcish Mines
  9820 | Orc:2    | Reached skill level 10 in Necromancy
 10024 | Orc:2    | Found a staircase to the Elven Halls.
 10026 | Orc:2    | Reached ***** piety under Kikubaaqudgha
 10159 | Orc:2    | Reached skill level 11 in Earth Magic
 10169 | Orc:2    | Reached XP level 12. HP: 44/86 MP: 2/22
 10409 | Orc:2    | Slain by an orc warrior

Illustrated notes

Levels and vault maps discovered:
D:1:      grunt_arrival_crossed_arrows, layout_basic, minmay_cupped
D:2:      cheibrodos_old_hovel, layout_rooms, marbit_many_paths,
          okawaru_trees_1, grunt_qazlal_sundering, hangedman_decor_peaks_small,
          kennysheep_jessica_study
D:3:      layout_loops_corners, nicolae_overflow_hidden_temple,
          pdpol_wu_jian_five_deadly_venoms, elyvilon_altar_1,
          gammafunk_ghost_mausoleum, amcnicky_mini_rare_corridor_liquid,
          dk_noncrumbling_4
D:4:      layout_basic, tgw_sif, serial_shops, kennysheep_little_box, shop,
          shop_fountains, shop, nicolae_shop_behind_doors
D:5:      layout_basic, kennysheep_mini, old_standard_altar, slow_altar_1,
          minmay_temple_entry_slanted, serial_shops, kennysheep_mini_moat,
          uniq_ijyb
D:6:      layout_gridville, minmay_hollow_rounded_squares, uniq_edmund
D:7:      minmay_the_grid_octo_tiled_octocenter
          [minmay_the_grid_octo_concentric, minmay_the_grid_octo_checkerflower,
          minmay_the_grid_octo_odd_swirl, minmay_the_grid_octo_fan_narrow,
          minmay_the_grid_octo_prize_ultimate_mussel_roller,
          minmay_the_grid_square_5x5_checkered_statues,
          minmay_the_grid_square_5x5_z, minmay_the_grid_square_5x5_n,
          minmay_the_grid_square_5x5_checkered], layout_layer_cave,
          cheibriados_altar_1
D:8:      layout_loops_corners, serial_shops, nicolae_shop_window_shopping
D:9:      layout_roguey, yredelemnul_altar_generic, general_overflow_altar,
          orc_0_dummy, basic_altar
D:10:     layout_basic
Temple:   dpeg_chambers_temple
Orc:1:    layout_diamond_mine, ebering_ghost_xom
Orc:2:    st_orc_rangers, layout_caves, uniq_erolcha

Skill      XL: |  1  2  3  4  5  6  7  8  9 10 11 |
---------------+----------------------------------+-----
Conjurations   | 4 5 6 |  6.0
Fighting       | 1 2 5 |  5.2
Armour         | 1 2 5 |  5.2
Spellcasting   | 3 6 7 |  7.1
Necromancy     | 5 9 10 | 10.7
Dodging        | 2 3 |  3.2
Earth Magic    | 6 11 | 11.3
Stealth        | |  2.4

Action                   |  1- 3 |  4- 6 |  7- 9 | 10-12 || total
-------------------------+-------+-------+-------+-------++-------
Melee: Unarmed           |     6 |       |       |       ||     6
       Dagger            |       |     1 |       |       ||     1
       Flail             |       |       |     9 |    27 ||    36
       Staff             |       |       |       |     7 ||     7
 Fire: Hunting sling     |       |    50 |    75 |     3 ||   128
 Cast: Magic Dart        |    12 |    11 |    13 |    38 ||    74
       Searing Ray       |    11 |    25 |    63 |    89 ||   188
       Sublimation of Bl |       |       |     1 |     5 ||     6
       Dispel Undead     |       |       |       |     5 ||     5
       Vampiric Draining |       |       |       |    40 ||    40
       Borgnjor's Vile C |       |       |       |    26 ||    26
 Abil: Dig               |     7 |     9 |     8 |    27 ||    51
  Use: Potion            |     3 |       |       |       ||     3
       Scroll            |       |     8 |     3 |       ||    11
Armor: Robe              |     9 |    10 |     1 |       ||    20
       Leather armour    |       |       |     5 |       ||     5
       Ring mail         |       |       |    17 |    61 ||    78
Dodge: Dodged            |    16 |    24 |    43 |   101 ||   184
